 Dungeon Crawl Stone Soup version 0.24.0-125-gc4c63601f3 (webtiles) character file.

Game seed: 16300378497800676123, levelgen mode: deterministic

2513 Johnny the Fighter (level 9, -14/94 HPs)
             Began as a Naga Berserker on Feb 25, 2020.
             Was an Elder of Trog.
             Demolished by an ogre
             ... wielding a +0 giant club
              (23 damage)
             ... on level 7 of the Dungeon.
             The game lasted 00:06:43 (7686 turns).

Johnny the Fighter (Naga Berserker)                 Turns: 7686, Time: 00:06:43

Health: -14/94     AC:  7    Str: 22      XL:     9   Next: 53%
Magic:  9/9        EV:  6    Int:  8      God:    Trog [****..]
Gold:   353        SH:  0    Dex: 10 (11) Spells: 8/8 levels left

rFire    . . .     SeeInvis +     - Unarmed
rCold    . . .     Gourm    .   (no shield)
rNeg     . . .     Faith    .   l - +0 chain mail
rPois    +         Spirit   .   (no helmet)
rElec    .         Reflect  .   (no cloak)
rCorr    .         Harm     .   (no gloves)
MR       +....     Rnd*Tele +   (no barding)
Stlth    ..........             w - amulet of the acrobat
HPRegen  0.25/turn              t - ring of flight
MPRegen  0.11/turn              r - ring of teleportation (curse)

@: berserk cooldown, slowed, very slow
A: large, see invisible, deformed body, poison resistance, slowness 2, slow
metabolism 1, spit poison 1, AC +3
a: Spit Poison, Berserk, Trog's Hand, Brothers in Arms, Renounce Religion, Evoke
Flight


You were on level 7 of the Dungeon.
You worshipped Trog.
Trog was greatly pleased with you.
You were hungry.

You visited 1 branch of the dungeon, and saw 7 of its levels.

You collected 353 gold pieces.

Inventory:

Armour
 l - a +0 chain mail (worn)
Jewellery
 p - an uncursed ring of see invisible
 r - a cursed ring of teleportation (right hand)
 t - a ring of flight (left hand)
 w - an amulet of the acrobat (around neck)
Wands
 m - a wand of flame (8)
 s - a wand of iceblast (7)
 u - a wand of enslavement (3)
 y - a wand of paralysis (6)
 A - a wand of polymorph (11)
Scrolls
 a - 2 scrolls of magic mapping
 d - 2 scrolls of noise
 i - 2 scrolls of enchant armour
 n - 7 scrolls of teleportation
 q - a scroll of amnesia
 z - a scroll of enchant weapon {unknown}
Potions
 c - 2 potions of flight
 e - a potion of cancellation
 f - 3 potions of brilliance
 g - 3 potions of curing
 h - a potion of haste {unknown}
 j - 3 potions of heal wounds {unknown}
 k - 2 potions of agility {unknown}
 o - 2 potions of degeneration {unknown}
 v - a potion of mutation {unknown}
 x - a potion of resistance {unknown}
Comestibles
 b - 9 rations
 B - a chunk of flesh


   Skills:
 * Level 10.5 Fighting
 - Level 2.0 Armour
 - Level 2.0 Dodging
 + Level 7.7 Unarmed Combat


You had 8 spell levels left.
You didn't know any spells.
Your spell library contained the following spells:

 Spells                   Type           Power        Failure   Level  Hunger
 Confusing Touch          Hex            #.....       99%         1    ##.....
 Confuse                  Hex            #.......     100%        3    ####...
 Gell's Gravitas          Tloc           #.........   100%        3    ####...
 Petrify                  Tmut/Erth      #.......     100%        4    #####..
 Metabolic Englaciation   Hex/Ice        #.........   100%        5    ######.
 Yara's Violent Unravell  Hex/Tmut       #.........   100%        5    ######.


Dungeon Overview and Level Annotations

Branches:
Dungeon (7/15)             Temple (0/1) D:4

Altars:
Ashenzari
Hepliaklqana
Kikubaaqudgha
Okawaru
Ru
Sif Muna
Trog
Vehumet
Xom


Innate Abilities, Weirdness & Mutations

You cannot wear boots.
Your serpentine skin is tough. (AC +3)
You have supernaturally acute eyesight. (SInv)
Armour fits poorly on your strangely shaped body.
Your system is resistant to poisons. (rPois)
You cover ground very slowly.
You have a slow metabolism.
You can spit poison.


Message History

The orc hits you but does no damage.
You are too injured to fight recklessly!
Unknown command.
You feel better. The centaur barely misses you.
The ogre hits you with a +0 giant club!!
* * * LOW HITPOINT WARNING * * *
The orc completely misses you. The orc hits you with a +0 trident.
* * * LOW HITPOINT WARNING * * *
The centaur hits you but does no damage.
Unknown command.
Unknown command.
Unknown command.
Okay, then.
You feel better.
The centaur hits you with a cursed -3 shortbow.
* * * LOW HITPOINT WARNING * * *
The orc hits you from afar with a +0 spear.
* * * LOW HITPOINT WARNING * * *
The ogre hits you with a +0 giant club!!
You die...

.##.##........#
....$.........#
..............#
....... ......###
....... #.......#
.......##†......#
........)!Zo....#
###.##o#[.)Oo...#
.o.##†.@c...#
#..## #.......#
...######....###
#... ......)))#
##. ?.###.#:.# #
#..(.#### #
#.#.....#
...#.....#
#≈#.#(....#


You could see an ogre, a centaur, 2 orcs and a worker ant zombie.

Vanquished Creatures
  Sigmund (D:4)
  Duvessa (D:4)
  A black bear (D:2)
  A necrophage (D:7)
  4 ogres
  A phantom (D:5)
  4 centaurs
  3 bullfrogs
  A wight (D:6)
  A bullfrog zombie (D:5)
  2 crimson imps
  A quasit (D:6)
  3 bullfrog skeletons
  A centaur zombie (D:5)
  A centaur skeleton (D:4)
  4 hounds
  3 orc priests
  4 orc wizards
  Natasha (thrice) (D:2)
  A worker ant (D:4)
  3 iguanas (D:5)
  11 adders
  6 gnolls
  A howler monkey skeleton (D:4)
  A shadow imp (D:5)
  An ooze (D:3)
  An adder skeleton (D:5)
  5 dart slugs
  5 leopard geckos
  25 orcs
  7 bats
  4 giant cockroaches
  10 goblins
  7 hobgoblins
  10 jackals
  3 quokkas
  3 ball pythons
  10 frilled lizards
  13 kobolds
  A quokka skeleton (D:6)
  13 rats
181 creatures vanquished.

Vanquished Creatures (others)
  Dowan (D:4)
  2 worker ants (D:4)
3 creatures vanquished.

Grand Total: 184 creatures vanquished

Notes
Turn   | Place    | Note
-------+----------+-------------------------------------------
     0 | D:1      | Johnny the Naga Berserker began the quest for the Orb.
     0 | D:1      | Reached XP level 1. HP: 21/21 MP: 1/1
   543 | D:1      | Reached XP level 2. HP: 24/28 MP: 2/2
   936 | D:1      | Reached ** piety under Trog
  1047 | D:2      | Reached XP level 3. HP: 34/34 MP: 3/3
  1535 | D:2      | Reached XP level 4. HP: 18/44 MP: 4/4
  1838 | D:2      | Noticed a black bear
  1846 | D:2      | Killed a black bear
  1846 | D:2      | Reached skill level 4 in Fighting
  1846 | D:2      | Reached XP level 5. HP: 14/51 MP: 5/5
  2343 | D:2      | Noticed Natasha
  2353 | D:2      | Killed Natasha
  2353 | D:2      | Reached skill level 5 in Fighting
  2774 | D:2      | Reached XP level 6. HP: 53/61 MP: 6/6
  2777 | D:2      | Noticed Natasha
  2792 | D:2      | Killed Natasha
  3074 | D:2      | Noticed Natasha
  3082 | D:2      | Killed Natasha
  3418 | D:3      | Found a sacrificial altar of Ru.
  3426 | D:3      | Reached *** piety under Trog
  3667 | D:3      | Found an iron altar of Okawaru.
  3903 | D:4      | Reached skill level 6 in Fighting
  3952 | D:4      | Reached XP level 7. HP: 51/70 MP: 7/7
  3998 | D:4      | Noticed Sigmund
  4025 | D:4      | Killed Sigmund
  4025 | D:4      | Reached skill level 5 in Unarmed Combat
  4027 | D:4      | Reached skill level 7 in Fighting
  4203 | D:4      | Found a hazy altar of Hepliaklqana.
  4245 | D:4      | Found a bloodstained altar of Trog.
  4248 | D:4      | Found a radiant altar of Vehumet.
  4251 | D:4      | Found a shimmering altar of Xom.
  4259 | D:4      | Found an ancient bone altar of Kikubaaqudgha.
  4364 | D:4      | Found a shimmering blue altar of Sif Muna.
  4434 | D:4      | Noticed Dowan
  4434 | D:4      | Noticed Duvessa
  4462 | D:4      | Your ally died
  4464 | D:4      | Killed Duvessa
  4507 | D:4      | Found a staircase to the Ecumenical Temple.
  4688 | D:5      | Entered Level 5 of the Dungeon
  4735 | D:5      | Reached XP level 8. HP: 81/81 MP: 8/8
  4767 | D:5      | Reached skill level 8 in Fighting
  4989 | D:5      | Reached **** piety under Trog
  5616 | D:6      | Reached skill level 9 in Fighting
  5962 | D:6      | Found a shattered altar of Ashenzari.
  6322 | D:6      | Reached XP level 9. HP: 64/92 MP: 9/9
  7217 | D:6      | Reached skill level 10 in Fighting
  7686 | D:7      | Demolished by an ogre

Levels and vault maps discovered:
D:1:      wander_arrival_abandoned_jail, layout_basic, st_stairs_3,
          solitary_fountain
D:2:      kb_forest_paths, layout_loops_corners, uniq_natasha
D:3:      layout_basic, nicolae_ru_great_annihilating_truth,
          lemuel_crystal_altar
D:4:      layout_rooms, lemuel_crystal_altar, lemuel_coloured_pillars_altar,
          grunt_temple_overflow_cloverleaf, minmay_temple_entry_statues,
          uniq_sigmund, uniq_duvessa
D:5:      layout_loops_ring, first_ration, minmay_lizard_king
D:6:      layout_cave_pools, lemuel_crystal_altar, kennysheep_small_circle
D:7:      statuecave_lemuel, layout_rooms, nicolae_qazlal_general_emergency,
          kennysheep_mini_moat

Skill      XL: |  1  2  3  4  5  6  7  8  9 |
---------------+----------------------------+-----
Armour         | 2 |  2.0
Dodging        | 2 |  2.0
Fighting       | 4 5 6 7 9 10 | 10.5
Unarmed Combat | 4 5 6 7 |  7.7

Action                   |  1- 3 |  4- 6 |  7- 9 || total
-------------------------+-------+-------+-------++-------
Melee: Unarmed           |   133 |   197 |   407 ||   737
       Punch             |     1 |     3 |     4 ||     8
Invok: Berserk           |     1 |     2 |    10 ||    13
       Trog's Hand       |       |     1 |     2 ||     3
 Abil: Spit Poison       |       |     2 |     1 ||     3
Evoke: Wand              |       |       |     4 ||     4
  Use: Scroll            |       |       |     9 ||     9
       Potion            |       |       |     2 ||     2
 Stab: Paralysed         |       |     1 |       ||     1
  Eat: Chunk             |     2 |     3 |    18 ||    23
       Ration            |       |     2 |       ||     2
Armor: Scale mail        |    14 |       |       ||    14
       Ring mail         |     5 |       |       ||     5
       Chain mail        |    43 |   102 |   216 ||   361
Dodge: Dodged            |    58 |    60 |   207 ||   325
